 Dungeon Sprint DCSS version 0.30-a0-634-g8abc85282e (webtiles) character file.

Game seed: 4273208410557193382

9437 mhtbhm the Brawler (level 11, -2/117 HPs)
             Began as a Troll Transmuter on Jan 15, 2023.
             Was an Initiate of Gozag.
             Slain by Duvessa
             ... wielding a +2 great sword of freezing
              (18 damage)
             ... in the Dungeon (Sprint III: "The Ten Rune Challenge").
             The game lasted 00:06:58 (1677 turns).

mhtbhm the Brawler (Troll Transmuter)               Turns: 1677, Time: 00:06:59

Health: -2/117     AC:  6    Str: 24    XL:     11   Next: 23%
Magic:  18/22      EV: 11    Int:  9    God:    Gozag
Gold:   6931       SH:  0    Dex: 10    Spells: 17/27 levels left

rFire   x . .      SeeInvis .      - Unarmed
rCold   + + +      Faith    .    (shield currently unavailable)
rNeg    . . .      Spirit   .    (body armour currently unavailable)
rPois   +          Reflect  .    (helmet currently unavailable)
rElec   .          Harm     .    (cloak currently unavailable)
rCorr   .          Rampage  .    (gloves unavailable)
Will    .....      NoTele   +    (boots unavailable)
Stlth   ++                       (no amulet)
HPRegen 1.19/turn                (no ring)
MPRegen 0.18/turn                (no ring)

@: ice-form, wereblooded, gold aura
A: freezing attack, amphibious, boosted hp, large, unfitting armour, (claws 3),
regeneration 1, (shaggy fur 1), (tough skin 1), (hooves 1), (iridescent scales
1), sense surroundings 1
a: End Transformation, Renounce Religion, Potion Petition, Call Merchant, Bribe
Branch


You were in the Dungeon.
You worshipped Gozag.
Gozag was greatly pleased with you.
You were a creature of crystalline ice.
You visited 1 branch You collected 7171 gold pieces.
You spent 240 gold pieces at shops.

Inventory:

Armour
 a - a +0 robe (melded)
Wands
 m - a wand of acid (7)
Scrolls
 h - 2 scrolls of blinking
 i - 2 scrolls of immolation {unknown}
 j - 4 scrolls of identify {unknown}
Potions
 b - a potion of lignification
 c - a potion of curing
 d - a potion of heal wounds
 e - 2 potions of haste
 f - 2 potions of magic
 g - a potion of berserk rage
 k - 3 potions of flight
 n - a potion of might
Miscellaneous
 l - a box of beasts (inert)


   Skills:
 + Level 3.9 Fighting
 + Level 7.0 Dodging
 + Level 2.3 Stealth
 + Level 17.8 Unarmed Combat
 + Level 8.7 Spellcasting
 + Level 10.0 Transmutations
 + Level 4.3 Ice Magic
 + Level 0.4 Evocations


You had 17 spell levels left.
You knew the following spells:

 Your Spells              Type           Power      Damage    Failure   Level
a - Beastly Appendage     Tmut           44%        N/A       1%          1
b - Wereblood             Tmut           22%        N/A       1%          2
c - Spider Form           Tmut/Pois      12%        N/A       6%          3
d - Ice Form              Ice/Tmut       16%        N/A       9%          4

Your spell library contained the following spells:

 Spells                   Type           Power      Damage    Failure   Level
 Shock                    Conj/Air       12%        1d3       17%         1
 Slow                     Hex            12%        N/A       17%         1
 Confusing Touch          Hex            3%         N/A       45%         3
 Swiftness                Air            3%         N/A       45%         3
 Vampiric Draining        Necr           3%         2d6       45%         3
 Airstrike                Air            1%         2d(1-17)  86%         4


Dungeon Overview and Level Annotations

Branches:
Dungeon (1/1)

Altars:
Cheibriados
Dithmenos
Elyvilon
Fedhas
Gozag
Hepliaklqana
Kikubaaqudgha
Makhleb
Nemelex Xobeh
Okawaru
Qazlal
Ru
Sif Muna
Trog
Uskayaw
Vehumet
Wu Jian
Xom
Yredelemnul
Zin
The Shining One
Jiyva
Lugonu

Shops:
D *

Annotations:
D Duvessa


Innate Abilities, Weirdness & Mutations

You are a creature of crystalline ice.
You have a powerful freezing melee attack.
You are amphibious.
Your maximum health is increased.
Your armour is entirely melded.
You are incapable of wielding weapons or throwing items.
You are too large for most types of armour.
((You have claws for hands.))
Your natural rate of healing is unusually fast.
((You are covered in fur. (AC +1)))
((You have tough skin. (AC +1)))
((You have large cloven feet.))
((You are partially covered in iridescent scales. (AC +2)))
You passively map a small area around you.


Message History

Press: ? - help, Shift-Dir - straight line, f/p - Duvessa
Aim: Duvessa, wielding a +2 great sword of freezing and quivering curare-tipped darts (lightly wounded, berserk, fast, ally target, 75% to hit)
The bolt of acid hits Duvessa!
The acid corrodes Duvessa!
Duvessa is lightly wounded.
Duvessa closely misses you.
Your larval shockox beast barely misses Duvessa.
Your larval shockox beast closely misses Duvessa.
Duvessa hits you with a +2 great sword of freezing.
Unknown command.
Unknown command.
Unknown command.
You barely miss Duvessa.
Duvessa is lightly wounded.
Your larval shockox beast dies!
Your larval shockox beast's corpse disappears in a puff of smoke!
Duvessa hits you with a +2 great sword of freezing!
You pummel Duvessa!! You freeze Duvessa!
Duvessa is moderately wounded.
You hit Duvessa. You freeze Duvessa.
Duvessa is moderately wounded.
Duvessa is distracted by your dazzling golden aura.
Duvessa shouts!
You pummel Duvessa!! You freeze Duvessa!
Duvessa is no longer distracted by gold.
Duvessa is heavily wounded.
Duvessa is distracted by your dazzling golden aura.
You strike the helpless Duvessa from behind!
You squash Duvessa like an ant!!!
You freeze Duvessa!
Duvessa is no longer distracted by gold.
Duvessa is severely wounded.
Duvessa hits you with a +2 great sword of freezing!!
* * * LOW HITPOINT WARNING * * *
You hit Duvessa. You freeze Duvessa.
Duvessa is severely wounded.
Duvessa barely misses you.
You completely miss Duvessa.
Duvessa is severely wounded.
Duvessa hits you with a +2 great sword of freezing!!
You die...
Your body crumbles into a pile of gold.

#'###########################*
#..~§§'.#.'...'.#.#.#.'...~≈#
**
#.#§§§#.#.#.).##.#.#.##...~≈#
'.#§§§#.#.#)).#.#.#.#.#...~≈≈≈#
#.#§§.#...#...##.#.#.##...~~~~#
▓▓▓▓▓▓▓▓▓▓▓▓▓▓#.#.#.#.#.......#
........~~~...##.#.#.##.......#
≈≈≈≈≈≈≈≈≈≈♣♣P.'.#.#.#.#.......#
♣♣♣♣♣♣♣♣♣♣♣♣PP##Y#.#.##########
♣♣♣##e#####* * * * * ... ,~~~~
*~ * ~ ~ , $$#...# ~~ ~ *,* ,
$$#...# ~~ *~~ ~ * * ##### * ~
~ ,,, $ * , ** ~ * * * *, ** ~~


You could see Duvessa (berserk, fast, corroded).

Vanquished Creatures
  Dowan (D)
  Josephine (D)
  A centaur warrior (D)
  A deep elf pyromancer (D)
  2 cane toads (D)
  2 unseen horrors (D)
  A rime drake (D)
  A komodo dragon (D)
  A queen bee (D)
  2 tyrant leeches (D)
  5 blink frogs (D)
  3 wandering mushrooms (D)
  A shadow (D)
  A redback (D)
  A spatial vortex (D)
  A swamp drake (D)
  An orc warrior (D)
  2 centaurs (D)
  An earth elemental (D)
  A necrophage (D)
  A water elemental (D)
  A scorpion (D)
  32 killer bees (D)
  A jelly (D)
  3 orc priests (D)
  A wizard (D)
  A necromancer (D)
  3 orc wizards (D)
  3 humans (D)
  A kobold demonologist (D)
  6 orcs (D)
  An endoplasm (D)
  3 rats (D)
87 creatures vanquished.

Vanquished Creatures (collateral kills)
  An orc warrior (D)
  An orc priest (D)
  3 orcs (D)
5 creatures vanquished.

Grand Total: 92 creatures vanquished

Notes
Turn   | Place    | Note
-------+----------+-------------------------------------------
     0 | D        | mhtbhm the Troll Transmuter began the quest for the Orb.
     0 | D        | Reached XP level 1. HP: 18/18 MP: 1/1
    57 | D        | Reached skill level 5 in Unarmed Combat
    57 | D        | Reached XP level 2. HP: 24/26 MP: 0/3
    60 | D        | Learned a level 2 spell: Wereblood
    91 | D        | Noticed a scorpion
    97 | D        | Killed a scorpion
    98 | D        | Reached skill level 1 in Fighting
    98 | D        | Reached skill level 6 in Unarmed Combat
    98 | D        | Reached XP level 3. HP: 33/33 MP: 0/5
    98 | D        | Reached XP level 4. HP: 41/41 MP: 0/6
   121 | D        | Gained mutation: You are partially covered in large bone
                  | plates. (SH +4) [potion of mutation]
   168 | D        | Lost mutation: You are partially covered in large bone
                  | plates. (SH +4) [potion of mutation]
   168 | D        | Gained mutation: You occasionally lose the ability to read
                  | scrolls when taking damage. [potion of mutation]
   168 | D        | Gained mutation: You are vulnerable to heat. (rF-) [potion
                  | of mutation]
   168 | D        | Gained mutation: You expend magic power (3 MP) to
                  | strengthen your wands. [potion of mutation]
   168 | D        | Gained mutation: You possess an exceptional clarity of
                  | mind. [potion of mutation]
   169 | D        | Lost mutation: You are vulnerable to heat. (rF-) [potion of
                  | mutation]
   169 | D        | Lost mutation: You expend magic power (3 MP) to strengthen
                  | your wands. [potion of mutation]
   169 | D        | Lost mutation: You possess an exceptional clarity of mind.
                  | [potion of mutation]
   169 | D        | Gained mutation: You expend magic power (3 MP) to
                  | strengthen your wands. [potion of mutation]
   169 | D        | Gained mutation: Your movements are slightly less
                  | encumbered by armour. (ER -2) [potion of mutation]
   170 | D        | Lost mutation: Your movements are slightly less encumbered
                  | by armour. (ER -2) [potion of mutation]
   170 | D        | Lost mutation: You occasionally lose the ability to read
                  | scrolls when taking damage. [potion of mutation]
   170 | D        | Lost mutation: You expend magic power (3 MP) to strengthen
                  | your wands. [potion of mutation]
   170 | D        | Gained mutation: You are dopey. (Int -2) [potion of
                  | mutation]
   170 | D        | Gained mutation: You have large cloven feet. [potion of
                  | mutation]
   171 | D        | Lost mutation: You are dopey. (Int -2) [potion of mutation]
   171 | D        | Lost mutation: You have large cloven feet. [potion of
                  | mutation]
   171 | D        | Gained mutation: You passively map a small area around you.
                  | [potion of mutation]
   171 | D        | Gained mutation: You have large cloven feet. [potion of
                  | mutation]
   171 | D        | Gained mutation: You are partially covered in iridescent
                  | scales. (AC +2) [potion of mutation]
   187 | D        | Noticed a water elemental
   193 | D        | Killed a water elemental
   194 | D        | Reached skill level 7 in Unarmed Combat
   212 | D        | Learned a level 3 spell: Spider Form
   225 | D        | Reached skill level 8 in Unarmed Combat
   225 | D        | Reached XP level 5. HP: 48/48 MP: 2/8
   226 | D        | Noticed a shadow
   228 | D        | Killed a shadow
   229 | D        | Reached skill level 9 in Unarmed Combat
   229 | D        | Reached XP level 6. HP: 55/55 MP: 2/11
   233 | D        | Found a blossoming altar of Fedhas.
   233 | D        | Found a stormy altar of Qazlal.
   236 | D        | Found a snail-covered altar of Cheibriados.
   236 | D        | Found a burning altar of Makhleb.
   236 | D        | Found a shimmering altar of Xom.
   237 | D        | Found a hazy altar of Hepliaklqana.
   237 | D        | Found an opulent altar of Gozag.
   237 | D        | Found a sparkling altar of Nemelex Xobeh.
   237 | D        | Found a corrupted altar of Lugonu.
   237 | D        | Found a viscous altar of Jiyva.
   237 | D        | Noticed a spatial vortex
   417 | D        | Killed a spatial vortex
   418 | D        | Reached skill level 10 in Unarmed Combat
   418 | D        | Reached skill level 5 in Transmutations
   420 | D        | Became a worshipper of Gozag Ym Sagoz the Greedy
   440 | D        | Learned a level 4 spell: Ice Form
   447 | D        | Found a shadowy altar of Dithmenos.
   454 | D        | Found a basalt altar of Yredelemnul.
   454 | D        | Found a sacrificial altar of Ru.
   457 | D        | Reached XP level 7. HP: 62/62 MP: 9/13
   500 | D        | Found a hide-covered altar of Uskayaw.
   500 | D        | Found an iron altar of Okawaru.
   500 | D        | Found a bloodstained altar of Trog.
   500 | D        | Found an ornate altar of the Wu Jian Council.
   500 | D        | Noticed a human
   500 | D        | Noticed a human
   506 | D        | Killed a human
   507 | D        | Reached skill level 11 in Unarmed Combat
   507 | D        | Reached skill level 5 in Spellcasting
   510 | D        | Killed a human
   512 | D        | Found a glowing silver altar of Zin.
   512 | D        | Found a glowing golden altar of the Shining One.
   512 | D        | Found a white marble altar of Elyvilon.
   512 | D        | Noticed a deep elf pyromancer
   515 | D        | Killed a deep elf pyromancer
   516 | D        | Reached skill level 12 in Unarmed Combat
   516 | D        | Reached XP level 8. HP: 33/70 MP: 8/15
   737 | D        | Found a radiant altar of Vehumet.
   737 | D        | Found a shimmering blue altar of Sif Muna.
   737 | D        | Found an ancient bone altar of Kikubaaqudgha.
   787 | D        | Noticed Josephine
   791 | D        | Killed Josephine
   792 | D        | Reached skill level 13 in Unarmed Combat
   792 | D        | Reached skill level 1 in Ice Magic
   823 | D        | Noticed a centaur warrior
   830 | D        | Killed a centaur warrior
   831 | D        | Reached skill level 5 in Dodging
   831 | D        | Reached XP level 9. HP: 71/79 MP: 9/18
   856 | D        | Killed an unseen horror
   857 | D        | Reached skill level 14 in Unarmed Combat
   896 | D        | Killed an unseen horror
   944 | D        | Noticed a wandering mushroom
   948 | D        | Noticed a wandering mushroom
   950 | D        | Noticed a wandering mushroom
   966 | D        | Killed a wandering mushroom
   967 | D        | Reached skill level 1 in Stealth
   974 | D        | Noticed a cane toad
   974 | D        | Noticed a komodo dragon
   974 | D        | Noticed a cane toad
   976 | D        | Killed a cane toad
   977 | D        | Reached XP level 10. HP: 88/88 MP: 18/20
   979 | D        | Killed a cane toad
   980 | D        | Reached skill level 15 in Unarmed Combat
  1218 | D        | Reached skill level 16 in Unarmed Combat
  1407 | D        | Found Ehov's Assorted Antiques.
  1514 | D        | Bought 2 scrolls labelled KUGARU VYHUEDAWODD for 40 gold
                  | pieces
  1514 | D        | Bought a potion of haste for 200 gold pieces
  1588 | D        | Reached skill level 17 in Unarmed Combat
  1588 | D        | Reached XP level 11. HP: 97/97 MP: 16/22
  1659 | D        | Noticed Dowan
  1659 | D        | Noticed Duvessa
  1668 | D        | Killed Dowan
  1669 | D        | Reached skill level 10 in Transmutations
  1677 | D        | Slain by Duvessa

Illustrated notes

Levels and vault maps discovered:
D:        dungeon_sprint_mu [sprint_mu_entry_forest, sprint_mu_temple_rooms,
          sprint_mu_d1_horrors, sprint_mu_d2_genie, sprint_mu_d3_branching,
          sprint_mu_orc_legion, sprint_mu_elf_gauntlet, sprint_mu_hive_nellie,
          sprint_mu_lair_fedhas, sprint_mu_vaults_butterflies,
          sprint_mu_slime_circle, sprint_mu_swamp_cave, sprint_mu_shoals_kraken,
          sprint_mu_blade_basic, sprint_mu_crypt_chambers,
          sprint_mu_tomb_spiral, sprint_mu_vestibule_basic,
          sprint_mu_gehenna_hellfire, sprint_mu_dis_giant,
          sprint_mu_tartarus_statrot, sprint_mu_cocytus_islands, sprint_mu_zot1]

Skill      XL: |  1  2  3  4  5  6  7  8  9 10 11 |
---------------+----------------------------------+-----
Dodging        | 2 3 4 5 6 7 |  7.0
Unarmed Combat | 5 6 8 9 10 12 13 14 17 | 17.8
Transmutations | 2 3 4 5 6 8 9 10 | 10.0
Fighting       | 1 2 3 |  3.9
Spellcasting   | 2 3 4 5 7 8 |  8.7
Ice Magic      | 2 3 4 |  4.3
Stealth        | 1 2 |  2.3
Evocations     | |  0.4

Action                   |  1- 3 |  4- 6 |  7- 9 | 10-12 || total
-------------------------+-------+-------+-------+-------++-------
Melee: Unarmed           |    11 |    18 |    43 |   122 ||   194
       Headbutt          |     2 |     4 |       |       ||     6
       Punch             |     2 |     1 |       |     1 ||     4
       Kick              |     1 |     2 |       |     3 ||     6
 Cast: Beastly Appendage |     4 |     5 |       |       ||     9
       Wereblood         |     1 |     4 |     5 |     6 ||    16
       Ice Form          |       |       |     6 |     5 ||    11
Evoke: Box of beasts     |       |       |       |     2 ||     2
       Wand              |       |       |       |     3 ||     3
  Use: Potion            |       |     5 |       |     1 ||     6
 Stab: Sleeping          |       |       |       |     2 ||     2
       Distracted        |       |       |       |     2 ||     2
Armor: Robe              |     3 |     2 |       |     3 ||     8
       Skin              |       |       |    24 |     8 ||    32
Dodge: Dodged            |     3 |     7 |    23 |    38 ||    71

Table legend: (Time is in decaauts)
 A = Elapsed time spent in this place.
 B = Non-inter-level travel time spent in this place.
 C = Inter-level travel time spent in this place.
 D = Time resting spent in this place.
 E = Time spent auto-exploring this place.
 F = Levels seen in this place.
 G = Mean time per level.
                   A        B        C        D        E       F      G
               +--------+--------+--------+--------+--------+-----+--------+
         Total |   1622 |   1622 |      0 |    733 |     33 |   1 | 1622.0 |
       Dungeon |   1622 |   1622 |      0 |    733 |     33 |   1 | 1622.0 |
               +--------+--------+--------+--------+--------+-----+--------+

Top non-repeatable levels by time:
       D: 1622 daAuts
